 Dungeon Crawl Stone Soup version 0.28.0 (webtiles) character file.

Game seed: 9504842470228140671

46 crazypyro the Cudgeller (level 3, 0/39 HPs)
             Began as an Ogre Monk on Feb 14, 2022.
             Slain by an adder (3 damage)
             ... on level 2 of the Dungeon.
             The game lasted 00:03:22 (1370 turns).

crazypyro the Cudgeller (Ogre Monk)                 Turns: 1370, Time: 00:03:22

Health: 0/39       AC:  3    Str: 17    XL:     3   Next: 68%
Magic:  3/3        EV:  6    Int: 11    God:
Gold:   14         SH: 10    Dex: 11    Spells: 2/2 levels left

rFire   . . .      SeeInvis .   a - +0 mace
rCold   . . .      Faith    .   h - +0 tower shield
rNeg    . . .      Spirit   .   b - +0 robe
rPois   .          Reflect  .   (helmet restricted)
rElec   .          Harm     .   (no cloak)
rCorr   .          Rampage  .   (gloves unavailable)
Will    .....                   (boots unavailable)
Stlth   ++........              (no amulet)
HPRegen 0.13/turn               (no ring)
MPRegen 0.08/turn               (no ring)

@: lethally poisoned (0 -> -2), about to teleport
A: large, unfitting armour, tough skin 1
a: no special abilities


You were on level 2 of the Dungeon.
You visited 1 branch of the dungeon, and saw 2 of its levels.

You collected 14 gold pieces.

Inventory:

Hand Weapons
 a - a +0 mace (weapon)
Armour
 b - a +0 robe (worn)
 h - a +0 tower shield (worn)
Scrolls
 c - 2 scrolls of noise
 d - 4 scrolls of identify
 f - a scroll of amnesia {unknown}
 g - 3 scrolls of enchant armour {unknown}


   Skills:
 - Level 4.0 Fighting
 * Level 4.1 Maces & Flails
 - Level 2.6 Dodging
 - Level 1.4 Stealth
 + Level 0.2 Shields


You had 2 spell levels left.
You didn't know any spells.
Your spell library was empty.

Dungeon Overview and Level Annotations

Branches:
Dungeon (2/15)

Altars:
Makhleb


Innate Abilities, Weirdness & Mutations

You are too large for most types of armour.
You have tough skin. (AC +1)


Message History

The adder poisons you! You block the adder's attack.
You hit the adder.
You kill the adder!
You feel very sick.
No target in view!
An adder comes into view.
You feel sick.
You see here an adder corpse.
You feel sick.
The adder hisses angrily.
You feel sick.
You feel sick. The adder bites you.
You closely miss the adder.
You feel sick. The adder bites you.
You are more poisoned.
The adder poisons you! You block the adder's attack.
You hit the adder.
The adder is heavily wounded.
You feel sick. You block the adder's attack. The adder bites you.
You are more poisoned.
The adder poisons you!
You closely miss the adder.
The adder is moderately wounded.
You feel very sick. The adder barely misses you. The adder bites you.
* * * LOW HITPOINT WARNING * * *
You hit the adder.
The adder is moderately wounded.
You feel sick. You block the adder's attack. The adder bites you.
* * * LOW HITPOINT WARNING * * *
You aren't carrying any potions.
As you read the scroll labelled LIPYSCHIZI COQI, it crumbles to dust.
It is a scroll of identify.
c - 2 scrolls of noise
* * * LOW HITPOINT WARNING * * *
You feel sick. You block the adder's attack.
As you read the scroll labelled OVEXTY USED, it crumbles to dust.
You feel strangely unstable.
It was a scroll of teleportation.
* * * LOW HITPOINT WARNING * * *
You feel sick. The adder bites you.
You die...

..# #.# #######.###.#
####### #<.....)....#
..#.....#.#..####.#####
..#.....#.#..####+###
........#.#..........
....._S.#.##.#.......
#....@..##.#.......
#.......##.#.......
#.......##.#......#
#####†####.#......#
#......#######.
########


You could see an adder.

Vanquished Creatures
  An adder (D:2)
  A dart slug (D:1)
  2 endoplasms (D:1)
  3 giant cockroaches (D:1)
  7 hobgoblins (D:1)
  2 kobolds (D:1)
  7 ball pythons (D:1)
  4 bats (D:1)
  5 goblins
32 creatures vanquished.

Notes
Turn   | Place    | Note
-------+----------+-------------------------------------------
     0 | D:1      | crazypyro the Ogre Monk began the quest for the Orb.
     0 | D:1      | Reached XP level 1. HP: 24/24 MP: 1/1
   262 | D:1      | Reached XP level 2. HP: 31/32 MP: 2/2
   530 | D:1      | Reached XP level 3. HP: 24/39 MP: 3/3
  1354 | D:2      | Found a burning altar of Makhleb.
  1370 | D:2      | Slain by an adder

Illustrated notes

Levels and vault maps discovered:
D:1:      roderic_octagonal_star, layout_rooms, minmay_tripent
D:2:      layout_basic, basic_altar, serial_shops, shop_coins,
          nicolae_lakefront_shop, minmay_door_square, st_stairs_5,
          lightli_corner_chamber

Skill      XL: |  1  2  3 |
---------------+----------+-----
Maces & Flails | 3 4 |  4.1
Fighting       | |  4.0
Dodging        | |  2.6
Stealth        | |  1.4
Shields        | |  0.2

Action                   || total
-------------------------++-------
Melee: Mace              ||   110
       Punch             ||     2
  Use: Scroll            ||     2
 Stab: Sleeping          ||     5
Armor: Robe              ||    32
Dodge: Dodged            ||    61
Block: Tower shield      ||     8
